AoeStats
← 一条固执的鱼

Nomad

506473691Analyzed
3v3 RM · 18d ago on Sep 13, 2026· 50m 13s· 6 players
Game mode
Random Map
Map size
210×210
Population
200
Speed
Normal
Resources
Standard
Victory
Conquest
Starting age
Dark Age
Ending age
Imperial Age
RankedLock teamsTeams togetherTeam positionsShared explorationLock speedFull tech treeHidden civsTurbo modeCheats
Victory
Defeat
🇨🇳 Persians · China
1234
+15
🇨🇳 Koreans · China
1215
+16
🇨🇳 Portuguese · China
1204
+16
🇨🇿 Malians · Czechia
1232
-17
🇸🇪 Britons · Sweden
1229
-16
🇸🇪 Italians · Sweden
1162
-14
沉着 冷静
13:17 Feudal Age
16:41 Castle Age
14:29 Double-Bit Axe
14:32 Loom
16:13 Horse Collar
16:24 Gold Mining
18:41 Medium Warships
19:10 Bow Saw
23:49 Heavy Plow
26:56 Town Watch
27:46 Wheelbarrow
32:17 Imperial Age
29:50 Stone Mining
31:15 Scale Barding Armor
31:21 Forging
32:03 Gold Shaft Mining
32:04 Stone Shaft Mining
32:51 Chain Barding Armor
33:07 Iron Casting
33:07 Hand Cart
33:09 Husbandry
33:19 Bloodlines
33:34 Conscription
32:35 Elite War Elephant
36:45 Theocracy
36:18 Devotion
37:15 Faith
39:35 Masonry
39:46 Ballistics
40:26 Chemistry
41:11 Architecture
41:22 Hoardings
42:26 Fletching
50:08 Murder Holes
一条固执的鱼
6:20 Loom
16:07 Feudal Age
21:24 Castle Age
20:04 Stone Mining
20:04 Gold Mining
20:40 Fletching
20:55 Double-Bit Axe
23:55 Bow Saw
26:36 Bodkin Arrow
32:04 Ballistics
33:01 Wheelbarrow
37:00 Eupseong
38:11 Horse Collar
39:13 Gold Shaft Mining
39:13 Stone Shaft Mining
39:26 Hand Cart
42:24 Imperial Age
42:54 Elite War Wagon
43:38 Bracer
44:41 Chemistry
809591945
5:03 Loom
13:56 Feudal Age
14:44 Town Watch
18:05 Castle Age
16:47 Double-Bit Axe
17:35 Fishing Lines
18:27 Gold Mining
20:55 Stone Mining
24:50 Imperial Age
28:57 Coinage
32:29 Banking
39:00 Stone Shaft Mining
Superhoops
4:48 Loom
14:06 Feudal Age
23:32 Castle Age
21:34 Horse Collar
22:20 Double-Bit Axe
28:47 Wheelbarrow
31:36 Hand Cart
32:57 Fletching
33:08 Padded Archer Armor
34:04 Bodkin Arrow
36:30 Ballistics
37:02 Leather Archer Armor
41:32 Forging
41:23 Scale Mail Armor
40:57 Pikeman
dabrezovsky.d
5:36 Loom
16:10 Feudal Age
18:33 Double-Bit Axe
20:52 Castle Age
18:48 Fishing Lines
22:02 Bow Saw
27:37 Imperial Age
26:22 Scale Mail Armor
26:33 Forging
26:33 Gillnets
27:39 Wheelbarrow
27:33 Medium Warships
33:42 Hand Cart
34:45 Horse Collar
36:20 Stone Mining
36:20 Gold Mining
36:52 Chain Mail Armor
37:29 Iron Casting
38:21 Plate Mail Armor
37:23 Pikeman
38:03 Squires
Tyremeus
4:20 Loom
13:19 Feudal Age
17:19 Castle Age
16:13 Double-Bit Axe
22:23 Fletching
23:54 Horse Collar
26:04 Bodkin Arrow
28:19 Padded Archer Armor
33:56 Imperial Age
32:05 Ballistics
32:08 Gold Mining
32:59 Wheelbarrow
35:43 Bracer
37:19 Chemistry
36:49 Conscription
37:11 Hand Cart
37:53 Thumb Ring
40:01 Leather Archer Armor
40:33 Bow Saw
40:26 Heavy Plow
40:27 Elite Genoese Crossbowman
41:51 Town Watch
45:22 Hoardings
Connection lost

Rejoining the realm…

Still unreachable

The connection could not be restored.

Session expired

The server has moved on; the page needs a fresh start.